 Dungeon Crawl Stone Soup version 0.23-a0-704-g7fdf9c5 (webtiles) character file.

209 Lanoc the Slasher (level 5, -4/42 HPs)
             Began as a Demonspawn Monk on Jan 14, 2019.
             Slain by Sigmund
             ... wielding a +0 scythe of flaming
              (7 damage)
             ... on level 3 of the Dungeon.
             The game lasted 00:04:53 (2282 turns).

Lanoc the Slasher (Demonspawn Monk)                 Turns: 2282, Time: 00:04:54

Health: -4/42      AC: 12    Str: 13    XL:     5   Next: 55%
Magic:  5/5        EV:  4    Int: 11    God:
Gold:   112        SH:  0    Dex: 15    Spells: 4/4 levels left

rFire    . . .     SeeInvis .   a - +0 falchion
rCold    . . .     Gourm    .   (no shield)
rNeg     . . .     Faith    .   p - +0 plate armour
rPois    .         Spirit   .   (no helmet)
rElec    .         Reflect  .   g - +0 cloak (curse)
rCorr    +         Harm     .   (no gloves)
MR       .....                  (no boots)
Stlth    ..........             (no amulet)
HPRegen  0.14/turn              l - ring of stealth
MPRegen  0.09/turn              r - ring of resist corrosion

@: berserk cooldown, slowed, very slow
A: claws 2, demonic guardian 1, powered by pain 1
a: no special abilities


You were on level 3 of the Dungeon.
You were hungry.

You visited 1 branch of the dungeon, and saw 4 of its levels.

You collected 112 gold pieces.

Inventory:

Hand Weapons
 a - a +0 falchion (weapon)
Armour
 g - a cursed +0 cloak (worn)
 p - a +0 plate armour (worn)
Jewellery
 l - a ring of stealth (left claw)
 r - a ring of resist corrosion (right claw)
Wands
 o - a wand of iceblast (12)
Scrolls
 b - 3 scrolls of identify {unknown}
 d - 2 scrolls of remove curse {unknown}
 e - 5 scrolls of magic mapping {unknown}
 i - 2 scrolls of teleportation {unknown}
 s - a scroll of amnesia {unknown}
Potions
 f - a potion of heal wounds
 h - a potion of haste
 n - a potion of berserk rage
 q - a potion of agility {unknown}
Comestibles
 c - 6 rations


   Skills:
 + Level 3.9 Fighting
 * Level 4.0 Long Blades
 + Level 2.0 Armour
 + Level 3.5 Dodging
 - Level 1.7 Stealth


You had 4 spell levels left.
You didn't know any spells.
Your spell library was empty.

Dungeon Overview and Level Annotations

Branches:
Dungeon (4/15)
 Temple: D:4-7

Altars:

Shops:
D:4 (

Annotations:
D:3 Sigmund


Innate Abilities, Weirdness & Mutations

You have very sharp fingernails.
A weak demonic guardian rushes to your aid.
You sometimes gain a little power by taking damage.


Message History

You're too confused to move!
You feel a strong urge to attack something.
You are no longer berserk.
You are exhausted.
You feel yourself slow down.
You barely miss something.
You feel less confused. Something hits you but does no damage.
Your plate armour prevents you from hitting something.
You hear some strange, mumbled words.
A magic dart appears from out of thin air!
The magic dart hits you!
You completely miss something. Something hits you!
* * * LOW HITPOINT WARNING * * *
Something burns you.
* * * LOW HITPOINT WARNING * * *
The goblin hits your shadow imp with a +0 vampiric dagger.
Your shadow imp closely misses the goblin.
Something hits you!
You die...

#.....# #...#.#.#.#
#.....#####...#.#.#<.
#.....)...'...'......
#.....#####...#.#.#.#
#.)...........+.#.#.#
####'#.####...###....
#†#.# #...# ....#
#{#.# #...#.....#
#@#.# #...#.....#
#5#.# ######+##.#
#g#.# ## #.#.# #.#.#
#.. ##.. ... ....


You could see a goblin and a friendly shadow imp.

Vanquished Creatures
  A bullfrog (D:3)
  5 adders
  A dart slug (D:1)
  An orc (D:4)
  3 giant cockroaches
  7 goblins
  2 hobgoblins
  2 jackals (D:3)
  3 kobolds
  2 bats
  4 frilled lizards
  4 rats
35 creatures vanquished.

Vanquished Creatures (collateral kills)
  An ogre (D:4)
  An iguana (D:4)
  A dart slug (D:3)
3 creatures vanquished.

Vanquished Creatures (others)
  A hobgoblin (D:3)
1 creature vanquished.

Grand Total: 39 creatures vanquished

Notes
Turn   | Place    | Note
-------+----------+-------------------------------------------
     0 | D:1      | Lanoc the Demonspawn Monk began the quest for the Orb.
     0 | D:1      | Reached XP level 1. HP: 18/18 MP: 1/1
   307 | D:1      | Gained mutation: A weak demonic guardian rushes to your
                  | aid. [demonic ancestry]
   307 | D:1      | Reached XP level 2. HP: 15/24 MP: 2/2
   830 | D:1      | Reached skill level 1 in Armour
  1100 | D:2      | Reached skill level 3 in Long Blades
  1100 | D:2      | Gained mutation: You sometimes gain a little power by
                  | taking damage. [demonic ancestry]
  1100 | D:2      | Reached XP level 3. HP: 29/29 MP: 3/3
  1224 | D:2      | You fall through a shaft for 2 floors!
  1623 | D:4      | Found Leh Ela's Weapon Shoppe.
  1646 | D:4      | Gained mutation: You have sharp fingernails. [demonic
                  | ancestry]
  1646 | D:4      | Reached XP level 4. HP: 9/35 MP: 4/4
  1649 | D:4      | Noticed a yak
  1650 | D:4      | Noticed a yak
  1650 | D:4      | Noticed an ogre
  1659 | D:4      | Noticed a yak
  1708 | D:4      | Killed an ogre
  2200 | D:3      | Noticed Sigmund
  2244 | D:3      | Gained mutation: You have very sharp fingernails. [demonic
                  | ancestry]
  2244 | D:3      | Reached XP level 5. HP: 42/42 MP: 5/5
  2264 | D:3      | Reached skill level 4 in Long Blades
  2282 | D:3      | Slain by Sigmund

Vault maps used:
D:1:      minmay_arrival_four_circles
D:3:      elyvilon_altar_3, uniq_sigmund
D:4:      minitemple, temple_fountains, serial_shops, shop, shop, shop

Skill      XL: |  1  2  3  4  5 |
---------------+----------------+-----
Dodging        | 3 |  3.5
Armour         | 1 2 |  2.0
Long Blades    | 3 4 |  4.0
Fighting       | |  3.9
Stealth        | |  1.7

Action                   |  1- 3 |  4- 6 || total
-------------------------+-------+-------++-------
Melee: Falchion          |   134 |    59 ||   193
  Use: Potion            |     1 |     6 ||     7
 Stab: Sleeping          |     1 |       ||     1
  Eat: Chunk             |     2 |     2 ||     4
Armor: Robe              |    12 |       ||    12
       Scale mail        |    45 |       ||    45
       Plate armour      |     1 |    48 ||    49
       Skin              |       |    18 ||    18
Dodge: Dodged            |    81 |    22 ||   103
       Rpst.: Falchion   |    24 |     8 ||    32

Table legend:
 A = Non-vault XP
 B = Vault XP
 C = Vault XP percentage of total XP
 D = Non-vault monster count
 E = Vault monster count
 F = Vault count percentage of total count
                 A         B        C        D         E       F
            +---------+---------+-------+---------+---------+-------
      Total |     299 |       0 |   0.0 |      38 |       0 |   0.0
            +---------+---------+-------+---------+---------+-------
        D:1 |      31 |       0 |   0.0 |      18 |       0 |   0.0
        D:2 |      32 |       0 |   0.0 |       5 |       0 |   0.0
        D:3 |     132 |       0 |   0.0 |      10 |       0 |   0.0
        D:4 |     104 |       0 |   0.0 |       5 |       0 |   0.0
            +---------+---------+-------+---------+---------+-------
